 Seeded DCSS version 0.32-a0-38-gb04dd89b9b (webtiles) character file.

Game seed: 560841995258110699 (custom seed)

366 dacreux the Vexing (level 6, 0/50 HPs)
             Began as a Gnoll Hexslinger on Jan 23, 2024.
             Was a High Priest of Ignis.
             Slain by a gnoll
             ... wielding a +0 spear
              (3 damage)
             ... on level 4 of the Dungeon.
             The game lasted 00:05:12 (3528 turns).

dacreux the Vexing (Gnoll Hexslinger)               Turns: 3528, Time: 00:05:13

Health: 0/50       AC:  5    Str:  3 (4)  XL:     6   Next: 68%
Magic:  13/13      EV: 14    Int: 11 (13) God:    Ignis [*****.]
Gold:   105        SH:  0    Dex: 18 (20) Spells: 15/15 levels left

rFire   + + .        o - +6 dagger of Jeidgharr {heavy, Dex+4}
rCold   . . .        (no shield)
rNeg    . . .        m - +2 leather armour of the Hart {rF+ Str-3 Stlth+}
rPois   .            (no helmet)
rElec   .            (no cloak)
rCorr   .            (no gloves)
SInv    .            (no boots)
Will    .....        (no amulet)
Stlth   ++++         (no ring)
HPRegen 0.28/turn    (no ring)
MPRegen 0.13/turn

%: no passive effects
@: no status effects
A: fangs 1, strong nose, distributed training
a: Renounce Religion, Fiery Armour, Foxfire Swarm, Rising Flame


You were on level 4 of the Dungeon.
You worshipped Ignis.
Ignis was extremely pleased with you.
You visited 1 branch of the dungeon, and saw 4 of its levels.

You collected 105 gold pieces.

Inventory:

Hand Weapons
 a - a +1 sling
 o - the +6 dagger of Jeidgharr (weapon) {heavy, Dex+4}
   (You found it on level 3 of the Dungeon)

   Dex+4:     It affects your dexterity (+4).
Armour
 c - a +0 robe
 m - the +2 leather armour of the Hart (worn) {rF+ Str-3 Stlth+}
   (You found it on level 3 of the Dungeon)

   Str-3:     It affects your strength (-3).
   rF+:       It protects you from fire.
   Stlth+:    It makes you more stealthy.
Wands
 p - a wand of iceblast (9)
Scrolls
 b - a scroll of poison
 g - 2 scrolls of teleportation
 h - a scroll of vulnerability {unknown}
 i - a scroll of noise
 k - a scroll of identify {unknown}
 l - a scroll of immolation {unknown}
 n - a scroll of enchant armour {unknown}
 q - a scroll of revelation {unknown}
Potions
 d - a potion of lignification {unknown}
 e - a potion of might
 f - a potion of degeneration
 j - a potion of brilliance
 r - a potion of heal wounds {unknown}


   Skills:
 + Level 4.9 Fighting
 + Level 4.1 Short Blades
 + Level 4.1 Long Blades
 + Level 4.1 Axes
 + Level 4.1 Maces & Flails
 + Level 4.1 Polearms
 + Level 4.1 Staves
 + Level 6.2 Ranged Weapons
 + Level 4.1 Throwing
 + Level 4.1 Armour
 + Level 6.2 Dodging
 + Level 4.1 Stealth
 + Level 4.1 Shields
 + Level 4.1 Unarmed Combat
 + Level 5.0 Spellcasting
 + Level 3.4 Conjurations
 + Level 6.5 Hexes
 + Level 3.4 Summonings
 + Level 3.4 Necromancy
 + Level 3.4 Translocations
 + Level 4.1 Fire Magic
 + Level 3.4 Ice Magic
 + Level 3.4 Air Magic
 + Level 3.4 Earth Magic
 + Level 3.4 Alchemy
 + Level 4.5 Invocations
 + Level 4.1 Evocations
 + Level 3.7 Shapeshifting


You had 15 spell levels left.
You didn't know any spells.
Your spell library contained the following spells:

 Spells                   Type           Power      Damage    Failure   Level
 Jinxbite                 Hex            34%        N/A       4%          2
 Sigil of Binding         Hex            17%        N/A       9%          3
 Inner Flame              Hex/Fire       14%        N/A       14%         3
 Cause Fear               Hex            8%         N/A       26%         4
 Hailstorm                Conj/Ice       10%        3d6       28%         3
 Summon Ice Beast         Ice/Summ       10%        N/A       28%         3
 Dimensional Bullseye     Hex/Tloc       6%         N/A       45%         4
 Manifold Assault         Tloc           10%        N/A       67%         4
 Dispersal                Tloc           5%         N/A       100%        6
 Sculpt Simulacrum        Ice/Alch       5%         N/A       100%        6
 Disjunction              Tloc           5%         N/A       100%        8


Dungeon Overview and Level Annotations

Branches:
Dungeon (4/15)
 Temple: D:4-7

Altars:
Ignis


Innate Abilities, Weirdness & Mutations

You have very sharp teeth.
Your uncanny sense of smell can sniff out nearby items.
Your experience applies equally to all skills.


Message History

The gnoll closely misses you.
You hit the gnoll. Your bite misses the gnoll.
The gnoll is heavily wounded.
The gnoll completely misses you.
You barely miss the gnoll.
The gnoll is heavily wounded.
You hear a shout!
The gnoll hits you from afar with a +0 halberd!
You puncture the gnoll! You punch the gnoll, but do no damage.
The gnoll is heavily wounded.
The gnoll misses you. The gnoll closely misses you. The gnoll misses you.
The gnoll shouts!
You hit the gnoll. Your bite misses the gnoll.
The gnoll is almost dead.
The gnoll hits you with a +0 halberd. The gnoll closely misses you.
The gnoll misses you. The gnoll barely misses you.
You barely miss the gnoll. Your bite misses the gnoll.
The gnoll is almost dead.
The gnoll hits you with a +0 spear. The gnoll hits you with a +0 flail!
The gnoll closely misses you.
You hit the gnoll.
The gnoll is almost dead.
The gnoll closely misses you. x2; The gnoll misses you.
The gnoll barely misses you. The gnoll attacks as it pursues you!
The gnoll hits you with a +0 flail.
The gnoll hits you from afar with a +0 halberd!
* * * LOW HITPOINT WARNING * * *
The gnoll barely misses you. The gnoll attacks as it pursues you!
The gnoll hits you with a +0 flail.
* * * LOW HITPOINT WARNING * * *
The gnoll attacks as it pursues you!
The gnoll hits you from afar with a +0 halberd!
* * * LOW HITPOINT WARNING * * *
Okay, then.
As you read the scroll labelled INGEPH DEDUAFE, it crumbles to dust.
You hear a loud clanging noise!
It was a scroll of noise.
The gnoll hits you from afar with a +0 spear.
You die...

#.#####.### #........##..# ##...
#.# #.# ##.......##..###..#. #.#
#.# #...............###
#.#####.### #.......###.###..#.
#.........# #.......###.# ##...
#######.#.# #.......##..# ##.#
#####..#.#####.##g#####.## #.#
#...........<..#gg.## #.# #..
#.###.##...####@###.###.# #.#
##.###.##.....).#####.##.# #.#
.......##..#.............# #.#
.......##..#.#........#### #.#
.......##..#.#........#########.#
.............#....<>.............
......###..###........###########
......# ##.# ##.......# # ......#
#.# #.......# #


You could see 3 gnolls.

Vanquished Creatures
  A black bear (D:4)
  A hound (D:4)
  A jelly (D:4)
  An iguana (D:4)
  An orc wizard (D:3)
  A gnoll (D:4)
  6 adders
  A ribbon worm (D:3)
  5 dart slugs
  4 orcs (D:3)
  4 endoplasms
  3 giant cockroaches
  5 goblins
  5 hobgoblins
  2 quokkas
  6 ball pythons
  9 bats
  4 frilled lizards
  7 kobolds
  6 rats
73 creatures vanquished.

Notes
Turn   | Place    | Note
-------+----------+-------------------------------------------
     0 | D:1      | dacreux the Gnoll Hexslinger began the quest for the Orb.
     0 | D:1      | Reached XP level 1. HP: 17/17 MP: 4/4
    28 | D:1      | Reached skill level 5 in Ranged Weapons
    28 | D:1      | Reached skill level 5 in Dodging
    28 | D:1      | Reached XP level 2. HP: 24/24 MP: 4/6
    29 | D:1      | Reached XP level 3. HP: 31/31 MP: 5/9
   839 | D:2      | Reached XP level 4. HP: 21/38 MP: 10/10
   924 | D:2      | Found a faded altar of an unknown god.
   947 | D:2      | Prayed at the altar of an unknown god.
   947 | D:2      | Became a worshipper of Ignis, the Dying Flame
  1546 | D:3      | Reached XP level 5. HP: 30/43 MP: 12/12
  1971 | D:3      | Identified the +2 leather armour of the Hart {rF+ Str-3
                  | Stlth+}
  2180 | D:3      | Identified the +6 dagger of Jeidgharr {heavy, Dex+4}
  2583 | D:4      | Found the +5 woodcutter's axe
  2615 | D:4      | Reached skill level 5 in Spellcasting
  2687 | D:4      | Reached XP level 6. HP: 50/50 MP: 13/13
  3068 | D:4      | Noticed a black bear
  3078 | D:4      | Killed a black bear
  3528 | D:4      | Slain by a gnoll

Illustrated notes

Levels and vault maps discovered:
D:1:      ncdulo_smallfort, layout_loops_cross
D:2:      layout_loops_cross, ebering_ecumenical_altar_sacrificial
D:3:      minmay_skewed_foursquare, layout_basic, serial_bayou_pond_a
D:4:      layout_loops_ring

Skill      XL: |  1  2  3  4  5 |
---------------+----------------+-----
Fighting       | 3 4 |  4.9
Short Blades   | 2 3 4 |  4.1
Long Blades    | 2 3 4 |  4.1
Axes           | 2 3 4 |  4.1
Maces & Flails | 2 3 4 |  4.1
Polearms       | 2 3 4 |  4.1
Staves         | 2 3 4 |  4.1
Ranged Weapons | 5 6 |  6.2
Throwing       | 2 3 4 |  4.1
Armour         | 2 3 4 |  4.1
Dodging        | 5 6 |  6.2
Stealth        | 2 3 4 |  4.1
Shields        | 2 3 4 |  4.1
Unarmed Combat | 2 3 4 |  4.1
Spellcasting   | 3 4 5 |  5.0
Conjurations   | 2 3 |  3.4
Summonings     | 2 3 |  3.4
Necromancy     | 2 3 |  3.4
Translocations | 2 3 |  3.4
Fire Magic     | 3 4 |  4.1
Ice Magic      | 2 3 |  3.4
Air Magic      | 2 3 |  3.4
Earth Magic    | 2 3 |  3.4
Alchemy        | 2 3 |  3.4
Invocations    | 2 4 |  4.5
Evocations     | 2 3 4 |  4.1
Shapeshifting  | 2 3 |  3.7
Hexes          | 6 |  6.5

Action                     |  1- 3 |  4- 6 || total
---------------------------+-------+-------++-------
  Melee: Dagger            |       |    37 ||    37
         Bite              |       |     4 ||     4
         Punch             |       |     2 ||     2
   Fire: Sling             |    71 |   115 ||   186
    Use: Potion            |     2 |     4 ||     6
         Scroll            |       |     2 ||     2
   Stab: Sleeping          |       |     7 ||     7
 Armour: Robe              |    15 |    15 ||    30
         Leather armour    |       |    48 ||    48
  Dodge: Dodged            |    21 |    74 ||    95

Table legend: (Time is in decaauts)
 A = Elapsed time spent in this place.
 B = Non-inter-level travel time spent in this place.
 C = Inter-level travel time spent in this place.
 D = Time resting spent in this place.
 E = Time spent auto-exploring this place.
 F = Levels seen in this place.
 G = Mean time per level.
                   A        B        C        D        E       F      G
               +--------+--------+--------+--------+--------+-----+--------+
         Total |   3555 |   3415 |    140 |    187 |   2774 |   4 |  888.8 |
       Dungeon |   3555 |   3415 |    140 |    187 |   2774 |   4 |  888.8 |
               +--------+--------+--------+--------+--------+-----+--------+

Top non-repeatable levels by time:
     D:3: 1101 daAuts
     D:4: 1007 daAuts
     D:2: 777 daAuts
     D:1: 669 daAuts
